[Event "*** Titled Tuesday Blitz"]
[Site "Chess.com"]
[Date "2020.11.10"]
[Round "3"]
[White "kuban1991"]
[Black "sokidze"]
[Result "1-0"]
[WhiteElo "2883"]
[BlackElo "2572"]
[TimeControl "180+1"]
[EndTime "10:32:14 PST"]
[Termination "kuban1991 won by resignation"]

1. Nf3 c5 2. g3 Nc6 3. Bg2 e5 4. c4 g6 5. O-O Bg7 6. Nc3 Nge7 7. Ne1 O-O 8. Nc2 d6 9. Ne3 Be6 10. Ned5 Qd7 11. d3 Bh3 12. e3 Bxg2 13. Kxg2 Nxd5 14. Nxd5 Ne7 15. Qf3 Nxd5 16. Qxd5 Rab8 17. Rb1 b5 18.
b3 Qb7 19. e4 Qxd5 20. cxd5 f5 21. Bd2 a6 22. Rfc1 Rfc8 23. f3 b4 24. Rc2 a5 25. a3 bxa3 26. Ra2 c4 27. dxc4 Rxc4 28. Bxa5 fxe4 29. bxc4 Rxb1 30. Rxa3 Rb2+ 31. Kh3 Rc2 32.
fxe4 Rxc4 33. Re3 h5 34. Bd8 Rc8 35. Be7 Bf8 36. Bg5 Rc4 37. g4 hxg4+ 38. Kxg4 Rc2 39. h4 Rg2+ 40. Kf3 Rc2 41. Rb3 Rc7 42. Rb8 Kf7 43. Rd8 Be7 44. Rh8 Kg7 45. Re8 Bxg5 46. hxg5 Rc3+ 47. Kf2 Rc4 48. Ke3 Rc3+ 49. Kd2 Rg3 50. Re6 Rxg5 51. Rxd6 Rg2+ 52. Ke3 Ra2 53. Re6 Ra3+ 54.
Kf2 Ra2+ 55. Kf3 Ra3+ 56. Kg4 Re3 57. Rxe5 Kf6 58. Re6+ Kf7 59. Kf4 Re1 60. Ke5 g5 61. Rf6+ Ke7 62. Rg6 Rg1 63. d6+ Kd7 64. Rg7+ Kc6 65. Ke6 Rd1 66. e5 Rxd6+ 67. exd6 1-0

[Event "*** Titled Tuesday Blitz"]
[Site "Chess.com"]
[Date "2020.11.10"]
[Round "3"]
[White "mishanick"]
[Black "Karateloru"]
[Result "0-1"]
[WhiteElo "3038"]
[BlackElo "2729"]
[TimeControl "180+1"]
[EndTime "10:32:15 PST"]
[Termination "Karateloru won by resignation"]

1. d4 Nf6 2. c4 e6 3. Nf3 d5 4. Nc3 Be7 5. g3 O-O 6. Bg2 b6 7. b3 Bb7 8. O-O Nbd7 9. Bb2 c5 10. Rc1 dxc4 11. bxc4 cxd4 12. Qxd4 Nc5 13. Qf4 Bd6 14. Qe3 Qe7 15. Rfd1 Rfd8 16. Nb5 Na4 17. Bxf6 gxf6 18. Qh6 Ba3 19. Ra1 Bb2 20. Rab1 Be4 21. Rxd8+ Rxd8 22. Rf1 a6 23. Qh4 Nc5 24. Nbd4 Bxd4 25. Nxd4 Rxd4 26. f3 Nd7 27. fxe4 Qc5 28. Kh1 Rxc4 29. Qh6 Qg5 30. Qh3 Rc1 31. Bf3 Ne5 32. a4 Kg7 33.
Qg2 Qd2 34. Qg1 Rxf1 35. Qxf1 Qe3 36. Kg2 b5 37. axb5 axb5 38. Qb1 Qc5 39. h4 b4 40. h5 h6 41. e3 Qc3 42. Bd1 Nc4 43. Be2 Nd2 44.
Qd1 b3 45. e5 f5 46. Bc4 b2 47.
Ba2 Qxe3 48. Qc2 Qe4+ 49. Qxe4 fxe4 0-1

[Event "*** Titled Tuesday Blitz"]
[Site "Chess.com"]
[Date "2020.11.10"]
[Round "3"]
[White "FormerProdigy"]
[Black "Flawless_Fighter"]
[Result "1-0"]
[WhiteElo "2860"]
[BlackElo "2618"]
[TimeControl "180+1"]
[EndTime "10:32:15 PST"]
[Termination "FormerProdigy won by checkmate"]

1. d4 Nf6 2. c4 e6 3. Nc3 Bb4 4. e3 O-O 5. Bd3 d5 6. cxd5 exd5 7. Ne2 b6 8. a3 Bd6 9. b4 c6 10. O-O Bb7 11. Rb1 a5 12. f3 axb4 13. axb4 Qc7 14. e4 dxe4 15. fxe4 Bxh2+ 16. Kh1 Ng4 17. Nf4 Bxf4 18.
Bxf4 Qd7 19. e5 f5 20. exf6 Nxf6 21. Be5 Qe7 22. Qb3+ Kh8 23. Rbe1 Qd8 24. Bxf6 gxf6 25. Qe6 Nd7 26. Qh3 Rf7 27. Rf4 c5 28. d5 cxb4 29. Ne4 Qg8 30. Nd6 Rg7 31. Nf5 Rf7 32.
Nh6 Qg7 33. Nxf7+ Qxf7 34. Bxh7 Ne5 35. Bg6+ Kg7 36. Bxf7 Rh8 37. Qxh8+ Kxh8 38. Be6 Kg7 39. Rxb4 Ba6 40. Rxb6 Bd3 41. d6 Bg6 42. d7 Nxd7 43. Bxd7 Kf7 44. Rb7 Bd3 45. Bf5+ Kg8 46. Bxd3 Kf8 47. Bg6 f5 48. Re8# 1-0

[Event "*** Titled Tuesday Blitz"]
[Site "Chess.com"]
[Date "2020.11.10"]
[Round "3"]
[White "Bodnar_Mykola"]
[Black "sara_khm"]
[Result "0-1"]
[WhiteElo "2384"]
[BlackElo "2588"]
[TimeControl "180+1"]
[EndTime "10:32:16 PST"]
[Termination "sara_khm won by resignation"]

1. e4 e5 2. Nf3 Nc6 3. Bb5 a6 4. Ba4 Nf6 5. O-O b5 6. Bb3 Bc5 7. d3 d6 8. a4 Rb8 9. axb5 axb5 10. h3 h6 11. Nc3 O-O 12. Be3 Nd4 13. Bxd4 Bxd4 14.
Nxd4 exd4 15. Ne2 c5 16. Ng3 Qc7 17. Ba2 Be6 18. Bxe6 fxe6 19. f4 Rf7 20. Qd2 d5 21.
e5 Nd7 22. Ra6 Nf8 23. Rfa1 Ng6 24. Nh5 Rbf8 25. g3 Qc8 26. Ra7 Qe8 27. Qe2 c4 28.
Qg4 Kh7 29. R1a6 Rxa7 30. Rxa7 Rf7 31. Ra6 Nf8 32. h4 Qc8 33. Rd6 cxd3 34. cxd3 Qc1+ 35.
Kf2 Qxb2+ 36. Qe2 Qa3 37. Rb6 b4 38. Qc2 Qc3 39. Rc6 Qxc2+ 40. Rxc2 Rb7 41. Ra2 b3 42. Rb2 Nd7 43. Ke2 Nc5 44. f5 Na4 45. Rxb3 Rxb3 46.
fxe6 Rb6 47. Nf4 Nc3+ 48. Kf3 g5 49. hxg5 hxg5 50. Nh5 Rxe6 51. Nf6+ Kg6 52. Ng4 Kf5 53. Nf6 Kxe5 54. Ng4+ Kd6 0-1

[Event "*** Titled Tuesday Blitz"]
[Site "Chess.com"]
[Date "2020.11.10"]
[Round "3"]
[White "kamilianin235"]
[Black "JoakimVonAnd"]
[Result "1-0"]
[WhiteElo "2173"]
[BlackElo "2476"]
[TimeControl "180+1"]
[EndTime "10:32:16 PST"]
[Termination "kamilianin235 won by resignation"]

1. e4 c6 2. d4 d5 3. Nd2 dxe4 4. Nxe4 Bf5 5. Ng3 Bg6 6. Nh3 e6 7. Nf4 Qc7 8. h4 Bd6 9. Nxg6 hxg6 10. Ne4 Bf4 11.
Bxf4 Qxf4 12. Ng5 Nf6 13. g3 Qc7 14. Bg2 Nbd7 15. c3 Nh7 16. Ne4 Nhf6 17. Ng5 Nh7 18. Ne4 Ndf6 19. Nc5 Nf8 20. Qb3 O-O-O 21. a4 N8d7 22.
Nd3 e5 23. O-O exd4 24. cxd4 Nb8 25. Ne5 Rxd4 26. Bh3+ Nbd7 27. Nxf7 Rf8 28. Rad1 Rxd1 29. Rxd1 Kb8 30. Nd6 Rd8 31. Nf7 Rf8 32. Nd6 Ne5 33. a5 Rd8 34. a6 b6 35. Nb7 Nd5 36.
Qc2 Qf7 37. Qe4 Re8 38. Kg2 Nc7 39. Nd6 Qb3 40. Nxe8 Qxd1 41. Qxe5 Qd5+ 42. Qxd5 Nxd5 43. Nxg7 Kc7 44. h5 Nb4 45. h6 Kd6 46. h7 1-0

[Event "*** Titled Tuesday Blitz"]
[Site "Chess.com"]
[Date "2020.11.10"]
[Round "3"]
[White "dosto07"]
[Black "Michaelson_11"]
[Result "1-0"]
[WhiteElo "2325"]
[BlackElo "2120"]
[TimeControl "180+1"]
[EndTime "10:32:16 PST"]
[Termination "dosto07 won by resignation"]

1. d4 Nf6 2. Nf3 g6 3. Bf4 Bg7 4. Nc3 d6 5. e4 O-O 6. Qd2 c5 7.
d5 Bd7 8. a4 a6 9. Be2 Nh5 10. Bh6 f5 11. O-O Qe8 12. Rfe1 f4 13. Bxg7 Nxg7 14. e5 dxe5 15. Nxe5 Bf5 16. d6 exd6 17.
Bc4+ Kh8 18. Nf7+ Qxf7 19. Bxf7 Rxf7 20. Qxd6 Nc6 21. Qxc5 Bxc2 22. Nd5 Bb3 23. Ne7 Nxe7 24. Rxe7 Rxe7 25. Qxe7 Bd5 26. Rd1 Bc6 27. Rd8+ Rxd8 28. Qxd8+ Ne8 29. Qd4+ Kg8 30. Qxf4 Kg7 31. h3 Nf6 32. Qe5 Kf7 33. b3 Nd5 34. g4 Nf6 35. Kh2 Ne4 36. f4 Nf6 37. Kg1 Nd7 38. Qd6 Nf6 39. Kf1 Nd5 40. Kf2 Nf6 41. Ke3 Ne4 42. Qxc6 bxc6 43. Kxe4 Ke6 44. b4 Kf6 45. Kd4 g5 46. f5 h5 47. Kc5 hxg4 48. hxg4 Ke5 49. Kxc6 Kf4 50. f6 Kxg4 51. f7 1-0

[Event "*** Titled Tuesday Blitz"]
[Site "Chess.com"]
[Date "2020.11.10"]
[Round "3"]
[White "Crazy_girl99"]
[Black "Mazetovic"]
[Result "0-1"]
[WhiteElo "2532"]
[BlackElo "2753"]
[TimeControl "180+1"]
[EndTime "10:32:18 PST"]
[Termination "Mazetovic won by resignation"]

1. e4 c5 2. Nf3 Nc6 3. Bb5 e6 4. O-O Nge7 5. Re1 a6 6. Bf1 e5 7.
c3 d6 8. h3 g6 9. d4 Qc7 10.
Be3 b6 11. a4 Bg7 12. Na3 O-O 13. Nc4 Rd8 14. d5 Nb8 15. a5 bxa5 16. Nxa5 Nd7 17.
b4 h6 18. Qd2 Kh7 19. Bd3 Rb8 20. Rec1 f5 21. exf5 gxf5 22. Nc6 Nf6 23. Nxb8 Qxb8 24. bxc5 e4 25. cxd6 Qxd6 26. c4 exf3 27. Bf4 Qd7 28. Re1 Ng6 29. Re6 Ne4 30. Qe3 Bxa1 31. Bxh6 Bg7 32.
Bxe4 Bxh6 33. Qb6 fxe4 34. Rxg6 Bg7 35. Rg3 Qf5 36. Qxd8 e3 37. Qh4+ Kg8 38. Qd8+ Kh7 39. Rxf3 e2 40. Qe7 Qb1+ 41. Kh2 e1=Q 42. Qxe1 Qxe1 43. c5 Be5+ 44. g3 Qe4 45. Rf7+ Kg6 46. Rc7 Bf5 47. Rc6+ Kf7 48. Rxa6 Qe2 49. Ra7+ Kg6 50.
h4 Qxf2+ 0-1

[Event "*** Titled Tuesday Blitz"]
[Site "Chess.com"]
[Date "2020.11.10"]
[Round "3"]
[White "starworld123"]
[Black "Atousa1"]
[Result "1-0"]
[WhiteElo "2673"]
[BlackElo "2408"]
[TimeControl "180+1"]
[EndTime "10:32:18 PST"]
[Termination "starworld123 won by resignation"]

1. Nf3 d5 2. d4 Nf6 3. c4 e6 4. Bg5 Be7 5. e3 O-O 6. Bd3 dxc4 7. Bxc4 a6 8. Nc3 b5 9. Bd3 Bb7 10. a4 b4 11. Nb1 Nbd7 12. O-O c5 13. Nbd2 h6 14. Bh4 Rc8 15. Rc1 Nd5 16. Bxe7 Qxe7 17. Nc4 cxd4 18. exd4 Nf4 19. Qd2 Nh3+ 20. gxh3 Bxf3 21.
Qf4 Bd5 22. Nd6 Rxc1 23. Rxc1 Nf6 24. Be2 Ba8 25. Bxa6 Nd5 26. Qg3 Qf6 27. Qe5 Qf3 28.
Qg3 Qf6 29. Rd1 Nf4 30. Bf1 g5 31. Nc4 Kh8 32. Ne5 Rd8 33. a5 Kg7 34. a6 Qf5 35. Bd3 Qxh3 36. Qxh3 Nxh3+ 37. Kf1 Rxd4 38. Be2 Rxd1+ 39.
Bxd1 Nf4 40. a7 Nd5 41. Bf3 Nb6 42. Nd7 Bxf3 43. Nxb6 f5 44. a8=Q Bxa8 45. Nxa8 Kf6 46. Nc7 Ke5 47. Na6 b3 48. Nc5 Kd5 49. Nxb3 Kc4 50.
Nd2+ Kd3 51. b4 Kd4 52. Ke2 e5 53. Nf3+ Kc4 54. Nxe5+ Kxb4 55. Nf7 g4 56. Nxh6 Kc5 57. Nxf5 Kd5 58. Ne3+ Ke5 59. Nxg4+ Kf4 60. Ne3 1-0

[Event "*** Titled Tuesday Blitz"]
[Site "Chess.com"]
[Date "2020.11.10"]
[Round "3"]
[White "KetiGrant"]
[Black "Fins0905"]
[Result "0-1"]
[WhiteElo "2398"]
[BlackElo "2621"]
[TimeControl "180+1"]
[EndTime "10:32:20 PST"]
[Termination "Fins0905 won on time"]

1. e4 d5 2. exd5 Qxd5 3. Nc3 Qa5 4. d4 Nf6 5. Nf3 Bf5 6. Bc4 e6 7. Bd2 Bb4 8. a3 Bxc3 9. Bxc3 Qb6 10. b3 Nc6 11.
Qe2 O-O-O 12. Rd1 Bg4 13. O-O Bxf3 14. Qxf3 Nxd4 15. Qg3 Ne4 16. Qe3 Nxc3 17. Qxc3 Rd6 18.
Rd2 Rhd8 19. Rfd1 g6 20. h3 Kb8 21. Qe3 Nf5 22. Qg5 c5 23. Bd3 Nd4 24. Qf6 Qc7 25. Kh1 a6 26. b4 c4 27. Be4 c3 28. Rxd4 Rxd4 29. Rxd4 Rxd4 30. Qxd4 Qf4 31. Qe3 Qe5 32. Kg1 a5 33. bxa5 Qxa5 34. Qd4 Qxa3 35. Qd8+ Ka7 36.
Qd4+ Kb8 37. Qd7 Qb4 38. Bf3 Qb1+ 39. Kh2 Ka7 40. g3 f5 41. Qd4+ Ka6 42. Qxc3 b5 43.
Qc6+ Ka5 44. Qc3+ b4 45. Qb3 Qa1 46. Kg2 Kb5 0-1

[Event "*** Titled Tuesday Blitz"]
[Site "Chess.com"]
[Date "2020.11.10"]
[Round "3"]
[White "Marianov_Podstavnikov"]
[Black "No_t_ime_to_die"]
[Result "1-0"]
[WhiteElo "2245"]
[BlackElo "2486"]
[TimeControl "180+1"]
[EndTime "10:32:20 PST"]
[Termination "Marianov_Podstavnikov won by resignation"]

1. e4 c5 2. Nf3 Nc6 3. d4 cxd4 4. Nxd4 g6 5. c4 Nf6 6. Nc3 Nxd4 7. Qxd4 d6 8. f3 Bg7 9. Be3 O-O 10. Qd2 a5 11.
Na4 Be6 12. Nb6 Rb8 13. Qxa5 Nd7 14. Qb4 Nxb6 15. Bxb6 Qd7 16. Be2 Rfc8 17. O-O Rc6 18. Be3 Rbc8 19. Rac1 f5 20. exf5 Bxf5 21. Rfe1 Ra6 22.
a3 Rac6 23. Bf1 Bf6 24. Bf2 Be6 25. b3 Ra8 26. a4 Bf5 27. c5 Rac8 28. Bb5 dxc5 29.
Bxc6 Rxc6 30. Rxc5 Rxc5 31. Qxc5 Qd2 32. Qc4+ Kg7 33.
Re2 Qd1+ 34. Re1 Qd2 35. Qe2 Qc3 36. Qe3 Qc2 37. Kh1 Bd3 38. Bg3 Qxb3 39. Be5 Bc4 40.
Bxf6+ exf6 41. Qxb3 Bxb3 42. a5 Kf7 43. Rb1 Bd5 44.
Rb6 f5 45. Kg1 Ke7 46. Kf2 f4 47. g3 fxg3+ 48. hxg3 g5 49. Ke3 Kf7 50. Rh6 Kg7 51. Rd6 1-0

[Event "*** Titled Tuesday Blitz"]
[Site "Chess.com"]
[Date "2020.11.10"]
[Round "3"]
[White "LiamVrolijk"]
[Black "Federtiu"]
[Result "1-0"]
[WhiteElo "2816"]
[BlackElo "2555"]
[TimeControl "180+1"]
[EndTime "10:32:21 PST"]
[Termination "LiamVrolijk won on time"]

1. d4 g6 2. e4 Bg7 3. Nf3 d6 4. Be3 Nf6 5. Nc3 O-O 6. Qd2 Ng4 7. Bg5 h6 8. Bh4 c5 9. h3 cxd4 10. Nxd4 Ne5 11. f4 Nec6 12. Nb3 Nd7 13. O-O-O a5 14.
Bb5 Qb6 15. a4 Re8 16. Nd5 Qd8 17. Bf2 Nf6 18. Bb6 Qd7 19. Rhe1 Rf8 20. Nc7 Rb8 21. Nxa5 Ne8 22. Nd5 e6 23. Nxc6 bxc6 24. Bxc6 Qxc6 25. Ne7+ Kh8 26. Nxc6 Rxb6 27. Nd4 Ba6 28. Nb5 Bxb5 29.
axb5 Rxb5 30. c3 Rb6 31. Qe3 Ra6 32. Kc2 Nc7 33. Ra1 Rc6 34. Ra5 Rb8 35. Qa7 Rcb6 36. Qxc7 Rxb2+ 37. Kd3 R8b3 38. e5 Rxg2 39. Ra8+ Kh7 40.
Qxf7 h5 41. Qxe6 dxe5 42. Qxb3 1-0

[Event "*** Titled Tuesday Blitz"]
[Site "Chess.com"]
[Date "2020.11.10"]
[Round "3"]
[White "parintele_chess"]
[Black "Basyak97"]
[Result "0-1"]
[WhiteElo "2136"]
[BlackElo "2337"]
[TimeControl "180+1"]
[EndTime "10:32:22 PST"]
[Termination "Basyak97 won on time"]

1. d4 Nf6 2. c4 c5 3. d5 e6 4. Nc3 exd5 5. cxd5 d6 6. e4 g6 7. f4 Bg7 8. Bb5+ Nfd7 9. Nf3 O-O 10.
O-O a6 11. Bd3 b5 12. Qe2 Qc7 13. Be3 c4 14. Bc2 Bb7 15. a3 Re8 16. Bd4 Bxd4+ 17.
Nxd4 Qb6 18. Qf2 Nf6 19. f5 Ng4 20. Qd2 Nd7 21. h3 Nge5 22. fxg6 hxg6 23. Kh1 Qd8 24. Qh6 Qe7 25. Rf4 Qf8 26. Qg5 Qg7 27. Raf1 Nc5 28.
Rf6 Rad8 29. Nce2 Ncd3 30. Ng3 Rd7 31. Bxd3 cxd3 32. Qh4 Rc7 33. Ngf5 gxf5 34. Nxf5 Ng6 35. Qg5 Qh7 36. Nh6+ Kf8 37. Rxf7+ Rxf7 38. Rxf7+ Qxf7 39. Nxf7 Kxf7 40. Qf5+ Kg7 41. Qd7+ Re7 42. Qg4 Rc7 43. Qd1 Ne5 44. Qf1 Rf7 45. Qd1 Rf2 46. Qc1 d2 47.
Qc7+ Nf7 0-1

[Event "*** Titled Tuesday Blitz"]
[Site "Chess.com"]
[Date "2020.11.10"]
[Round "3"]
[White "canary2016"]
[Black "Sueetin"]
[Result "0-1"]
[WhiteElo "2004"]
[BlackElo "2277"]
[TimeControl "180+1"]
[EndTime "10:32:22 PST"]
[Termination "Sueetin won by checkmate"]

1. d4 Nf6 2. Bf4 d5 3. e3 c5 4. c3 Nc6 5. Nd2 Bf5 6. Ngf3 Qb6 7. Nh4 Be4 8. f3 Bg6 9. Nxg6 hxg6 10. Qb3 c4 11. Qc2 Nh5 12. b3 Nxf4 13. exf4 cxb3 14. axb3 e6 15. Bd3 Bd6 16. g3 g5 17. c4 Nb4 18.
Qc3 Nxd3+ 19. Qxd3 dxc4 20. bxc4 Qc7 21. c5 Be7 22.
fxg5 Bxg5 23. O-O Kf8 24. Ne4 Bf6 25. Rad1 Rd8 26. Nxf6 gxf6 27. Qe4 Rd5 28. Ra1 a6 29.
Rab1 Qd7 30. Rfd1 Kg7 31. Qg4+ Rg5 32. Qe4 Rd5 33. Qg4+ Kf8 34. Rb6 Rxc5 35. Rdb1 Rc4 36. Rxb7 Qxd4+ 37. Qxd4 Rxd4 38. Rb8+ Kg7 39. R8b6 Ra8 40.
Ra1 a5 41. Rb5 a4 42. Kg2 Rd2+ 43. Kg1 a3 44. Rb3 a2 45. h4 Rc8 46. Ra3 Rcc2 47. g4 Rb2 48. h5 Rb1+ 49. Rxb1 axb1=Q# 0-1

[Event "*** Titled Tuesday Blitz"]
[Site "Chess.com"]
[Date "2020.11.10"]
[Round "3"]
[White "Gusarov91"]
[Black "GukeshDommaraju"]
[Result "0-1"]
[WhiteElo "2625"]
[BlackElo "2865"]
[TimeControl "180+1"]
[EndTime "10:32:23 PST"]
[Termination "GukeshDommaraju won by checkmate"]

1. d4 d5 2. Nf3 Nf6 3. c4 e6 4. g3 dxc4 5. Qa4+ Nbd7 6. Bg2 a6 7.
Qxc4 b5 8. Qc6 Rb8 9. Bf4 Nd5 10. Bd2 Bb7 11. Qc1 Be7 12. O-O O-O 13. e4 N5f6 14.
Bf4 Rc8 15. Ne5 c5 16. Nxd7 Qxd7 17. dxc5 Bxc5 18. Qe1 Bd4 19. Nc3 b4 20. Ne2 Bxb2 21. Rb1 Ba3 22. f3 Rc2 23. Be3 Rfc8 24. Rd1 Qe7 25.
Nc1 h6 26. Kh1 a5 27. g4 Ba6 28. Rg1 Nd7 29. Nb3 a4 30. Nd4 Rxa2 31. f4 b3 32. e5 Bb4 33. Qg3 b2 34. f5 exf5 35. Nxf5 Qxe5 36. Bf4 Qe6 37. Nd4 Qc4 38. Nc6 Rxc6 39. Rxd7 Rc8 40. Bd5 Bb7 41. Qf3 Bxd5 42. Rxd5 Ra1 43. Rdd1 Rxd1 44. Rxd1 a3 45. g5 a2 46.
gxh6 b1=Q 47. Bc1 Qbxc1 48. Rxc1 Qxc1+ 49. Kg2 Qxh6 50. Qb7 Qg6+ 51. Kf2 Rf8 52. Qxb4 a1=Q 53. Qd4 Qxd4+ 54. Kf3 Qgg4# 0-1

[Event "*** Titled Tuesday Blitz"]
[Site "Chess.com"]
[Date "2020.11.10"]
[Round "3"]
[White "Pavlov_Sergey"]
[Black "RD4ever"]
[Result "1/2-1/2"]
[WhiteElo "2620"]
[BlackElo "2822"]
[TimeControl "180+1"]
[EndTime "10:32:23 PST"]
[Termination "Game drawn by repetition"]

1. c4 e5 2. Nc3 Nc6 3. e3 Nf6 4. Nf3 Bb4 5. Qc2 Bxc3 6. Qxc3 Qe7 7. b3 d5 8. d4 exd4 9. Nxd4 Nxd4 10. Qxd4 c5 11.
Qf4 O-O 12. Bb2 d4 13. O-O-O dxe3 14. fxe3 Ng4 15. Re1 f6 16. Bd3 Bd7 17. h3 Ne5 18.
Bc2 Rfe8 19. g4 Bc6 20. Rhf1 Ng6 21. Qf5 b6 22. h4 Be4 23. Bxe4 Qxe4 24. h5 Qxf5 25.
Rxf5 Ne7 26. Rf4 h6 27. Rd1 Rad8 28. Re4 Kf7 29. Bc3 Rxd1+ 30. Kxd1 Rd8+ 31. Ke2 Nc6 32. a3 a6 33. b4 cxb4 34. axb4 b5 35. Rf4 Rd7 36.
cxb5 axb5 37. Rf5 Rb7 38. Rc5 Ne7 39. e4 Ke6 40. e5 f5 41. Kf3 fxg4+ 42. Kxg4 Rb6 43.
Bd4 Rc6 44. Rxb5 Rc4 45. Rb6+ Nc6 46. b5 Rxd4+ 47. Kf3 Kxe5 48. Rxc6 Rb4 49. Rg6 Rxb5 50.
Rxg7 Rb3+ 51. Kg4 Rb4+ 52. Kg3 Rb3+ 53. Kg4 Rb4+ 54. Kg3 Rb3+ 55. Kg4 1/2-1/2

[Event "*** Titled Tuesday Blitz"]
[Site "Chess.com"]
[Date "2020.11.10"]
[Round "3"]
[White "Grineva_Marianna"]
[Black "ShahMatKanal"]
[Result "0-1"]
[WhiteElo "2243"]
[BlackElo "2504"]
[TimeControl "180+1"]
[EndTime "10:32:23 PST"]
[Termination "ShahMatKanal won on time"]

1. e4 Nf6 2. e5 Nd5 3. d4 d6 4. Nf3 g6 5. Bc4 Nb6 6. Bb3 Bg7 7. Ng5 O-O 8. Qf3 d5 9. h4 h5 10. Nc3 Nc6 11. Be3 Bg4 12. Qg3 a5 13. a4 Nc4 14.
Bxc4 dxc4 15. f3 Nxd4 16. Bxd4 Qxd4 17. fxg4 Bxe5 18. Qf2 Qxg4 19. Rh3 Rad8 20. Kf1 Rd4 21. Re1 f6 22. Rf3 Rdd8 23. Nge4 b6 24. Nb5 Rd7 25.
c3 Rfd8 26. Nd4 Bxd4 27. cxd4 Rxd4 28. Nc3 R8d7 29. Rfe3 Kf7 30. Re4 Rxe4 31. Rxe4 Rd1+ 32. Nxd1 Qxe4 33. Nc3 Qd3+ 34. Qe2 Qd4 35. Qe4 Qxe4 36. Nxe4 e5 37. Ke2 Ke6 38. Ke3 c6 39. Nd2 b5 40. axb5 cxb5 41. Nb1 b4 42. Kd2 Kd5 43. Kc2 e4 44. Nd2 f5 45. Kd1 f4 46. Ke2 a4 47. Nb1 Kd4 48. Nd2 a3 0-1

[Event "*** Titled Tuesday Blitz"]
[Site "Chess.com"]
[Date "2020.11.10"]
[Round "3"]
[White "dennisodessa"]
[Black "ShimanovAlex"]
[Result "1-0"]
[WhiteElo "2473"]
[BlackElo "2811"]
[TimeControl "180+1"]
[EndTime "10:32:24 PST"]
[Termination "dennisodessa won by checkmate"]

1. d4 Nf6 2. c4 c5 3. d5 g6 4. Nc3 Bg7 5. e4 d6 6. Bd3 O-O 7. h3 e6 8. Nf3 exd5 9. cxd5 Re8 10. O-O a6 11. a4 Nh5 12. Re1 Nd7 13. Be2 b6 14.
Qc2 Rb8 15. Rb1 Qc7 16. b3 Rb7 17. Bxa6 Rb8 18. Nb5 Qd8 19. Bxc8 Rxc8 20. Nxd6 Ne5 21.
Nxe8 Nxf3+ 22. gxf3 Qxe8 23. e5 Qd7 24. Qe4 Re8 25.
e6 fxe6 26. dxe6 Qe7 27. Bb2 Bxb2 28. Rxb2 Qg5+ 29. Qg4 Qf6 30. Rd2 Nf4 31. e7 h5 32.
Qg3 Kf7 33. h4 g5 34. hxg5 Qf5 35. Re4 Ng6 36. Rd6 Kg7 37. Rf6 Qd5 38. Re3 Qd1+ 39.
Kh2 Qd5 40. f4 Nxe7 41. Qf3 Qd4 42. Qe4 Qd2 43. Re2 Qc3 44. Re6 Qc1 45. Rxe7+ Rxe7 46. Qxe7+ Kg8 47. Qe8+ Kg7 48. Qd7+ Kg6 49. Qe6+ Kg7 50.
Qf6+ Kh7 51. Re7+ Kg8 52. Qg7# 1-0

[Event "*** Titled Tuesday Blitz"]
[Site "Chess.com"]
[Date "2020.11.10"]
[Round "3"]
[White "Volodar_Murzin"]
[Black "ExtremeLearner"]
[Result "0-1"]
[WhiteElo "2559"]
[BlackElo "2392"]
[TimeControl "180+1"]
[EndTime "10:32:24 PST"]
[Termination "ExtremeLearner won by resignation"]

1. e4 c6 2. d4 d5 3. f3 dxe4 4. fxe4 e5 5. Nf3 Bg4 6. Bc4 Nd7 7. O-O Ngf6 8. Bg5 Be7 9. Nbd2 h6 10. Bh4 O-O 11. Qe1 Qc7 12. h3 Bh5 13. c3 b5 14.
Bb3 Bd6 15. dxe5 Bxe5 16. Nxe5 Qxe5 17. Rf5 Qc7 18. Bg3 Qb6+ 19. Bf2 Qb7 20. Bd4 Bg6 21. Rf4 c5 22. Bxf6 Nxf6 23. Rxf6 gxf6 24. Bd5 Qc7 25.
Qe3 Rad8 26. Qxh6 Rxd5 27. exd5 Qe5 28. Nf3 Qxd5 29. Qe3 Qc6 30. Rd1 Re8 31. Qf2 a5 32.
Kh2 Qc7+ 33. Kg1 b4 34. Rd2 bxc3 35. bxc3 Rb8 36. Rd1 a4 37. Nh2 f5 38. Nf3 a3 39. Qd2 Rb2 40. Qg5 Kg7 41. h4 f6 42.
Qe3 f4 43. Qe1 Bc2 44. Rd2 Bf5 45. Rc2 Rxc2 0-1

[Event "*** Titled Tuesday Blitz"]
[Site "Chess.com"]
[Date "2020.11.10"]
[Round "3"]
[White "Sibelephant"]
[Black "Evgeny81"]
[Result "1-0"]
[WhiteElo "3093"]
[BlackElo "2717"]
[TimeControl "180+1"]
[EndTime "10:32:25 PST"]
[Termination "Sibelephant won on time"]

1. c4 c6 2. Nf3 d5 3. e3 Nf6 4. Qc2 Bg4 5. d4 Bxf3 6. gxf3 e6 7. Nc3 Bd6 8. e4 dxe4 9. fxe4 e5 10. c5 Bc7 11. dxe5 Bxe5 12. Be3 Ng4 13. Qe2 Nxe3 14.
Qxe3 O-O 15. Rd1 Qf6 16. Bc4 Na6 17. O-O Bf4 18. Qh3 Nxc5 19. b4 Ne6 20. Bxe6 fxe6 21. Ne2 Bc7 22. Qg4 Qe5 23. Qg2 Rad8 24. f4 Bb6+ 25.
Kh1 Qb5 26. Qg4 Qc4 27. Ng3 Kh8 28. h4 Rd3 29. Rxd3 Qxd3 30. Kg2 Rd8 31. Qxe6 Qe3 32. Rf3 Qg1+ 33. Kh3 h6 34. h5 Rf8 35. Qe7 Kg8 36. Qe6+ Kh8 37. Qe7 Rd8 38. e5 a5 39. bxa5 Bxa5 40. Qxb7 Qd1 41. Qxc6 Rd2 42. Qa8+ Kh7 43. Qe4+ Kh8 44. e6 Qg1 45. e7 Rh2+ 46. Kg4 1-0

[Event "*** Titled Tuesday Blitz"]
[Site "Chess.com"]
[Date "2020.11.10"]
[Round "3"]
[White "tsaruk_maks"]
[Black "atalz0"]
[Result "1-0"]
[WhiteElo "2622"]
[BlackElo "2402"]
[TimeControl "180+1"]
[EndTime "10:32:25 PST"]
[Termination "tsaruk_maks won on time"]

1. e4 d5 2. exd5 Nf6 3. d4 Nxd5 4. c4 Nb6 5. Nf3 Bg4 6. h3 Bxf3 7. Qxf3 Qxd4 8. Qxb7 e6 9. Nc3 Bb4 10. Bd2 Qe5+ 11.
Be2 O-O 12. f4 Qf6 13. a3 Qh4+ 14. Kd1 Bd6 15. Qf3 Rd8 16. Kc2 Na6 17. Rad1 Qe7 18. Nb5 Nc5 19. Bb4 a5 20. Bxc5 Bxc5 21. Qc6 Na4 22.
b3 Nb6 23. Qxc7 Qxc7 24. Nxc7 Bxa3 25. Nxa8 Rxa8 26. Bf3 Rc8 27. Ra1 Bb4 28. Rhd1 g6 29. Kb2 a4 30. bxa4 Nxc4+ 31. Kb3 Ba5 32. Rac1 Nd2+ 33.
Ka2 Rb8 34. Bc6 Kg7 35. Bb5 Ne4 36. Rd3 Rb6 37. Rc4 f5 38. Kb3 Kf6 39. Rc8 Rb7 40.
Rc6 Re7 41. Kc2 Rb7 42. g4 fxg4 43. hxg4 g5 44. f5 Ke5 45. Rxe6+ Kf4 46. Rd4 Rc7+ 47. Kb1 1-0

[Event "*** Titled Tuesday Blitz"]
[Site "Chess.com"]
[Date "2020.11.10"]
[Round "3"]
[White "DinaBelenkaya"]
[Black "Stormeman100100"]
[Result "0-1"]
[WhiteElo "2332"]
[BlackElo "2540"]
[TimeControl "180+1"]
[EndTime "10:32:25 PST"]
[Termination "Stormeman100100 won by checkmate"]

1. e4 c5 2. Nc3 Nc6 3. g3 g6 4. Bg2 Bg7 5. Nf3 d6 6. d3 e5 7. Be3 Nge7 8. Qd2 Be6 9. h4 h6 10. O-O-O b5 11. Nxb5 Rb8 12. c4 Nd4 13. Na3 Bg4 14.
Bxd4 cxd4 15. Rde1 Nc6 16. Kb1 O-O 17. Nh2 Be6 18.
g4 Qxh4 19. f4 exf4 20. Nf3 Qf6 21. Bh3 g5 22. Ka1 Ne5 23. Nxe5 dxe5 24. Rc1 Rfc8 25. Qa5 Qe7 26. Nb5 Bf8 27. Qxa7 Rb7 28. Qa5 Rbb8 29. a3 Ra8 30. Qd2 Bd7 31. Kb1 Rcb8 32. Bf1 Bxb5 33. cxb5 Rxb5 34. Kc2 Rc8+ 35. Kd1 Rbc5 36.
Rxc5 Qxc5 37. Ke2 Qb5 38. Kf3 Qb3 39. Rh2 Bd6 40. Re2 Kg7 41. Kg2 Kg6 42. Kf3 h5 43. gxh5+ Kxh5 44. Bh3 Rh8 45. Bg4+ Kg6 46. Bf5+ Kg7 47.
Rg2 f6 48. Qc2 Qf7 49. Qc6 Bf8 50. Be6 Qh5+ 51. Bg4 Qh1 52. Qd7+ Kh6 53. Bf5 Qd1+ 54.
Kf2 Qd2+ 55. Kg1 Qe1+ 56. Kh2 g4 57. Qf7 Kg5+ 58. Bh7 Qh4+ 59. Kg1 Rxh7 60. Qxf8 Qe1# 0-1

[Event "*** Titled Tuesday Blitz"]
[Site "Chess.com"]
[Date "2020.11.10"]
[Round "3"]
[White "PattyCastillo"]
[Black "VladaSviridova"]
[Result "1/2-1/2"]
[WhiteElo "1968"]
[BlackElo "2258"]
[TimeControl "180+1"]
[EndTime "10:32:26 PST"]
[Termination "Game drawn - insufficient material"]

1. d4 d5 2. Nf3 Nf6 3. e3 c5 4.
Bd3 Nc6 5. b3 e6 6. Bb2 Bd6 7. O-O O-O 8. Nbd2 b6 9. Ne5 Bb7 10. f4 Ne7 11. Qe2 Rc8 12. Rac1 Ne4 13.
Nxe4 dxe4 14. Bc4 Kh8 15. Rfd1 Qc7 16. a3 a5 17. Rd2 Rcd8 18. Rcd1 Nd5 19. Bb5 cxd4 20.
Bxd4 Bxa3 21. Qg4 Nf6 22. Qg5 h6 23. Qh4 Bc5 24. Ng4 Bxd4 25. Rxd4 Rxd4 26. Rxd4 Nxg4 27. Qxg4 Rd8 28. Rxd8+ Qxd8 29. Qe2 Qd6 30. Kf2 Bd5 31. c4 Bb7 32. Qc2 f5 33. Qc3 Kg8 34. h3 Kf7 35. g4 Qd3 36. Qe5 Qd2+ 37. Kf1 Qd7 38. Bxd7 Ke7 39.
Qc7 Ba6 40. Bxe6+ Kxe6 41. Qxb6+ Ke7 42. Qxa6 fxg4 43. Qxa5 gxh3 44. Qb4+ Ke6 45. Kg1 Kf5 46. Qc5+ Kg4 47. Qb6 h5 48. Qd4 Kg3 49. Qxg7+ Kf3 50. Qe5 Kxe3 51. Kh2 Kf3 52. Qf5 e3 53. Qd5+ Kxf4 54.
Qd4+ Kf3 55. Qxe3+ Kxe3 56. c5 Kd4 57. c6 Kc5 58.
Kxh3 Kxc6 59. Kh4 Kb5 60. Kxh5 Kb4 61. Kg4 Kxb3 1/2-1/2